% Time on Ice - KELOWNA ROCKETS
Lines # - Real PCT - Wanted PCT - Time Play
Normal Forward
1 - 31% - 35% - 15:04
2 - 33% - 35% - 16:10
3 - 23% - 23% - 11:04
4 - 12% - 7% - 6:02
Normal Defense
1 - 20% - 36% - 9:33
2 - 41% - 28% - 19:55
3 - 17% - 20% - 8:17
4 - 22% - 16% - 10:35
PP Forward
1 - 49% - 75% - 3:20
2 - 51% - 25% - 3:25
PP Defense
1 - 72% - 75% - 4:52
2 - 28% - 25% - 1:53
PK Forward
1 - 73% - 55% - 1:59
2 - 27% - 45% - 0:45
PK Defense
1 - 41% - 55% - 1:08
2 - 59% - 45% - 1:36
PK3 Forward
1 - 0% - 55%
2 - 0% - 45%
PK3 Defense
1 - 0% - 55%
2 - 0% - 45%
44 Forward
1 - 82% - 50% - 1:37
2 - 18% - 50% - 0:22
44 Defense
1 - 18% - 50% - 0:22
2 - 82% - 50% - 1:37
Last Minute Offensive  - 0:12
Last Minute Defensive  - 0:00
Total
Forward - 60:00
Defense - 60:00
% Time on Ice - RENO LIONS
Lines # - Real PCT - Wanted PCT - Time Play
Normal Forward
1 - 31% - 35% - 15:12
2 - 30% - 35% - 14:41
3 - 14% - 20% - 6:47
4 - 24% - 10% - 11:52
Normal Defense
1 - 33% - 35% - 16:11
2 - 33% - 35% - 16:08
3 - 29% - 20% - 13:56
4 - 5% - 10% - 2:17
PP Forward
1 - 47% - 55% - 1:17
2 - 53% - 45% - 1:27
PP Defense
1 - 60% - 55% - 1:39
2 - 40% - 45% - 1:05
PK Forward
1 - 66% - 55% - 4:26
2 - 34% - 45% - 2:19
PK Defense
1 - 55% - 55% - 3:42
2 - 45% - 45% - 3:03
PK3 Forward
1 - 0% - 55%
2 - 0% - 45%
PK3 Defense
1 - 0% - 55%
2 - 0% - 45%
44 Forward
1 - 45% - 55% - 0:53
2 - 55% - 45% - 1:06
44 Defense
1 - 36% - 55% - 0:43
2 - 64% - 45% - 1:16
Last Minute Offensive  - 0:00
Last Minute Defensive  - 0:00
Total
Forward - 60:00
Defense - 60:00
Play-by-Play 1st period 0:01 of 1st period - William Karlsson wins face-off versus Evgeny Kuznetsov in neutral zone. 1:13 of 1st period - Shot by Tyler Bertuzzi. 1:13 of 1st period - Stopped by Thomas Greiss without a rebound. 1:14 of 1st period - Anthony Cirelli wins face-off versus Tomas Nosek in RENO LIONS zone. 1:15 of 1st period - Shot by Pavel Buchnevich. 1:15 of 1st period - Stopped by Thomas Greiss without a rebound. 1:16 of 1st period - Anthony Cirelli wins face-off versus Blake Coleman in RENO LIONS zone. 1:16 of 1st period - Anthony Cirelli is hit by Adam McQuaid. 1:29 of 1st period - Anthony Cirelli is hit by Robert Hagg and loses puck. 1:46 of 1st period - Blake Coleman is hit by Dmitri Orlov and loses puck. 2:07 of 1st period - Shot by Drew Stafford. 2:07 of 1st period - Shot Misses the Net. 2:30 of 1st period - Tomas Nosek is hit by Nikita Zadorov and loses puck. 2:52 of 1st period - Off-side. 2:53 of 1st period - Colby Cave wins face-off versus William Karlsson in neutral zone. 3:17 of 1st period - Shot by Pierre-Luc Dubois. 3:17 of 1st period - Stopped by Tuukka Rask with a rebound. 3:19 of 1st period - Shot by William Karlsson. 3:19 of 1st period - Shot Misses the Net. 3:21 of 1st period - Shot by William Karlsson. 3:21 of 1st period - Shot Misses the Net. 4:23 of 1st period - Shot by Vladimir Tarasenko. 4:23 of 1st period - Stopped by Thomas Greiss with a rebound. 4:43 of 1st period - Shot by Tyler Bertuzzi. 4:43 of 1st period - Shot Misses the Net. 4:57 of 1st period - Shot by Tomas Nosek. 4:57 of 1st period - Stopped by Tuukka Rask with a rebound. 4:59 of 1st period - Shot by Alex Killorn. 4:59 of 1st period - Shot Misses the Net. 5:01 of 1st period - Shot by Tomas Nosek. 5:01 of 1st period - Deflect By Alex Killorn. 5:01 of 1st period - Shot Misses the Net. 5:24 of 1st period - Alex Killorn is hit by Nikita Zadorov and loses puck. 5:32 of 1st period - Minor Penalty to Nikita Zadorov for Interference. 5:33 of 1st period - Anthony Cirelli wins face-off versus William Karlsson in KELOWNA ROCKETS zone. 5:54 of 1st period - Shot by Anders Lee. 5:54 of 1st period - Deflect By William Karlsson. 5:54 of 1st period - Stopped by Tuukka Rask without a rebound. 5:55 of 1st period - Anthony Cirelli wins face-off versus Max Domi in KELOWNA ROCKETS zone. 6:17 of 1st period - Shot by Evgeny Dadonov. 6:17 of 1st period - Goal by Evgeny Dadonov - KELOWNA ROCKETS : 0 - RENO LIONS : 1. 6:18 of 1st period - Colby Cave wins face-off versus Tomas Nosek in neutral zone. 7:23 of 1st period - Off-side. 7:24 of 1st period - Anthony Cirelli wins face-off versus Max Domi in neutral zone. 7:43 of 1st period - Shot by Max Domi. 7:43 of 1st period - Deflect By Anders Lee. 7:43 of 1st period - Stopped by Tuukka Rask without a rebound. 7:44 of 1st period - William Karlsson wins face-off versus Evgeny Kuznetsov in KELOWNA ROCKETS zone. 7:51 of 1st period - Shot by Pierre-Luc Dubois. 7:51 of 1st period - Stopped by Tuukka Rask without a rebound. 7:52 of 1st period - Elias Pettersson wins face-off versus Evgeny Kuznetsov in KELOWNA ROCKETS zone. 7:55 of 1st period - Shot by Elias Pettersson. 7:55 of 1st period - Deflect By Anders Lee. 7:55 of 1st period - Stopped by Tuukka Rask without a rebound. 7:56 of 1st period - Nick Bjugstad wins face-off versus Max Domi in KELOWNA ROCKETS zone. 7:56 of 1st period - Nick Bjugstad is hit by Anders Lee. 8:13 of 1st period - Nick Bjugstad is hit by Max Domi and loses puck. 8:32 of 1st period - Shot by Anders Lee. 8:32 of 1st period - Stopped by Tuukka Rask without a rebound. 8:33 of 1st period - William Karlsson wins face-off versus Evgeny Kuznetsov in KELOWNA ROCKETS zone. 8:38 of 1st period - Shot by Pierre-Luc Dubois. 8:38 of 1st period - Shot Blocked by Evgeny Kuznetsov. 8:46 of 1st period - Shot by Vladimir Tarasenko. 8:46 of 1st period - Stopped by Thomas Greiss without a rebound. 8:47 of 1st period - Blake Coleman wins face-off versus Anthony Cirelli in RENO LIONS zone. 9:18 of 1st period - Shot by Vincent Hinostroza. 9:18 of 1st period - Stopped by Tuukka Rask without a rebound. 9:19 of 1st period - William Karlsson wins face-off versus Evgeny Kuznetsov in KELOWNA ROCKETS zone. 9:20 of 1st period - Shot by Pierre-Luc Dubois. 9:20 of 1st period - Deflect By Evgeny Dadonov. 9:20 of 1st period - Stopped by Tuukka Rask without a rebound. 9:21 of 1st period - William Karlsson wins face-off versus Evgeny Kuznetsov in KELOWNA ROCKETS zone. 9:26 of 1st period - Shot by Pierre-Luc Dubois. 9:26 of 1st period - Stopped by Tuukka Rask without a rebound. 9:27 of 1st period - William Karlsson wins face-off versus Alexander Ovechkin in KELOWNA ROCKETS zone. 9:27 of 1st period - William Karlsson is hit by Dmitri Orlov. 9:40 of 1st period - Off-side. 9:41 of 1st period - Max Domi wins face-off versus Nick Bjugstad in neutral zone. 9:46 of 1st period - Shot by Max Domi. 9:46 of 1st period - Stopped by Tuukka Rask without a rebound. 9:47 of 1st period - Max Domi wins face-off versus Evgeny Kuznetsov in KELOWNA ROCKETS zone. 9:51 of 1st period - Max Domi is hit by Marcus Pettersson and loses puck. 10:08 of 1st period - Shot by Evgeny Kuznetsov. 10:08 of 1st period - Shot Misses the Net. 10:10 of 1st period - Shot by Drew Doughty. 10:10 of 1st period - Shot Blocked by Oliver Ekman-Larsson. 10:16 of 1st period - Shot by Vladimir Tarasenko. 10:16 of 1st period - Stopped by Thomas Greiss without a rebound. 10:17 of 1st period - William Karlsson wins face-off versus Nick Bjugstad in RENO LIONS zone. 10:31 of 1st period - Icing by Dmitri Orlov. 10:32 of 1st period - Nick Bjugstad wins face-off versus Blake Coleman in KELOWNA ROCKETS zone. 10:37 of 1st period - Shot by Nick Bjugstad. 10:37 of 1st period - Shot Misses the Net. 10:50 of 1st period - James van Riemsdyk is hit by Oliver Ekman-Larsson and loses puck. 11:01 of 1st period - Shot by Tyler Bertuzzi. 11:01 of 1st period - Shot Misses the Net. 11:03 of 1st period - Shot by Dmitri Orlov. 11:03 of 1st period - Shot Misses the Net. 11:16 of 1st period - Icing by Oliver Ekman-Larsson. 11:17 of 1st period - Evgeny Kuznetsov wins face-off versus Blake Coleman in RENO LIONS zone. 11:25 of 1st period - Evgeny Kuznetsov is hit by Ryan Pulock and loses puck. 11:57 of 1st period - Shot by Evgeny Dadonov. 11:57 of 1st period - Stopped by Tuukka Rask without a rebound. 11:58 of 1st period - Alex Killorn wins face-off versus Anthony Cirelli in KELOWNA ROCKETS zone. 11:58 of 1st period - Alex Killorn is hit by Nikita Zadorov. 12:00 of 1st period - Shot by Drew Stafford. 12:00 of 1st period - Stopped by Tuukka Rask without a rebound. 12:01 of 1st period - William Karlsson wins face-off versus Anthony Cirelli in KELOWNA ROCKETS zone. 12:04 of 1st period - Shot by Evgeny Dadonov. 12:04 of 1st period - Stopped by Tuukka Rask without a rebound. 12:05 of 1st period - Anthony Cirelli wins face-off versus William Karlsson in KELOWNA ROCKETS zone. 12:05 of 1st period - Anthony Cirelli is hit by Pierre-Luc Dubois. 12:19 of 1st period - Shot by Jordan Eberle. 12:19 of 1st period - Shot Misses the Net. 12:21 of 1st period - Shot by Anthony Cirelli. 12:21 of 1st period - Shot Misses the Net. 12:42 of 1st period - Icing by Anthony Cirelli. 12:43 of 1st period - Max Domi wins face-off versus Anthony Cirelli in KELOWNA ROCKETS zone. 12:46 of 1st period - Shot by Elias Pettersson. 12:46 of 1st period - Shot Misses the Net. 13:01 of 1st period - Icing by Chris Tanev. 13:02 of 1st period - Tomas Nosek wins face-off versus Anthony Cirelli in KELOWNA ROCKETS zone. 13:55 of 1st period - Alex Killorn is hit by Nick Bjugstad and loses puck. 14:19 of 1st period - Shot by Tyler Bertuzzi. 14:19 of 1st period - Goal by Tyler Bertuzzi - KELOWNA ROCKETS : 1 - RENO LIONS : 1. 14:20 of 1st period - Evgeny Kuznetsov wins face-off versus Max Domi in neutral zone. 14:39 of 1st period - Shot by Vladimir Tarasenko. 14:39 of 1st period - Shot Misses the Net. 14:41 of 1st period - Shot by Vladimir Tarasenko. 14:41 of 1st period - Shot Misses the Net. 14:43 of 1st period - Shot by Dmitri Orlov. 14:43 of 1st period - Shot Misses the Net. 14:45 of 1st period - Shot by Vladimir Tarasenko. 14:45 of 1st period - Stopped by Thomas Greiss with a rebound. 14:53 of 1st period - Shot by Alexander Ovechkin. 14:53 of 1st period - Stopped by Thomas Greiss without a rebound. 14:54 of 1st period - William Karlsson wins face-off versus Tyler Bertuzzi in RENO LIONS zone. 15:22 of 1st period - Shot by James van Riemsdyk. 15:22 of 1st period - Stopped by Thomas Greiss with a rebound. 15:30 of 1st period - Shot by Pierre-Luc Dubois. 15:30 of 1st period - Stopped by Tuukka Rask with a rebound. 15:32 of 1st period - Shot by Olli Maatta. 15:32 of 1st period - Shot Blocked by Drew Doughty. 15:34 of 1st period - Shot by William Karlsson. 15:34 of 1st period - Stopped by Tuukka Rask with a rebound. 15:36 of 1st period - Shot by William Karlsson. 15:36 of 1st period - Stopped by Tuukka Rask without a rebound. 15:37 of 1st period - Evgeny Kuznetsov wins face-off versus Max Domi in KELOWNA ROCKETS zone. 15:37 of 1st period - Evgeny Kuznetsov is hit by Anders Lee. 15:56 of 1st period - Shot by Max Domi. 15:56 of 1st period - Stopped by Tuukka Rask without a rebound. 15:57 of 1st period - Anthony Cirelli wins face-off versus Blake Coleman in KELOWNA ROCKETS zone. 16:27 of 1st period - Shot by Jordan Eberle. 16:27 of 1st period - Stopped by Thomas Greiss with a rebound. 17:48 of 1st period - Chris Tanev is hit by Pierre-Luc Dubois and loses puck. 17:49 of 1st period - Chris Tanev from KELOWNA ROCKETS is injured at 17:49 of 1st period (Bruised Left Shoulder). 17:50 of 1st period - Tomas Nosek wins face-off versus Nick Bjugstad in KELOWNA ROCKETS zone. 18:43 of 1st period - Shot by Evgeny Dadonov. 18:43 of 1st period - Stopped by Tuukka Rask without a rebound. 18:44 of 1st period - Anthony Cirelli wins face-off versus William Karlsson in KELOWNA ROCKETS zone. 19:05 of 1st period - Shot by Anthony Cirelli. 19:05 of 1st period - Shot Blocked by Jordie Benn. 19:29 of 1st period - Pierre-Luc Dubois is hit by Drew Doughty. 19:47 of 1st period - Shot by Anders Lee. 19:47 of 1st period - Stopp